 Dungeon Crawl Stone Soup version 0.31-a0-675-g238779eb0a (webtiles) character file.

Game seed: 8549431440332415587

157 scionoferis the Changeling (level 5, 0/22 HPs)
             Began as a Felid Shapeshifter on Sept 5, 2023.
             Killed from afar by an orc wizard (9 damage)
             ... with a puff of flame
             ... on level 2 of the Dungeon.
             The game lasted 00:07:45 (1757 turns).

scionoferis the Changeling (Felid Shapeshifter)     Turns: 1757, Time: 00:07:46

Health: 0/22       AC:  1    Str: 10    XL:     5   Next: 15%
Magic:  6/6        EV: 17    Int: 12    God:
Gold:   75         SH:  0    Dex: 17    Spells: 3/4 levels left
                                        Lives:  0   Deaths: 2

rFire   . .          .
                       - Unarmed
rCold   . . .        (shield unavailable)
rNeg    . . .        (body armour unavailable)
rPois   .            (helmet unavailable)
rElec   .            (cloak unavailable)
rCorr   .            (gloves unavailable)
SInv    +            (boots unavailable)
Will    .....        g - amulet of the acrobat
Stlth   ++           (no ring)
HPRegen 0.23/turn    (no ring)
MPRegen 0.10/turn

%: acrobat
@: beast-form, quick
A: beast (slay +2), very small, claws 1, fangs 3, see invisible, speed 1, shaggy
fur 1, stealthy paws, no weapons or thrown items, no armour, multi-lived
a: Begin Untransformation


You were on level 2 of the Dungeon.
You were a hulking beast.
You visited 1 branch of the dungeon, and saw 2 of its levels.

You collected 75 gold pieces.


Innate Abilities, Weirdness & Mutations

You are a hulking beast.
Your limbs bulge with bestial killing power. (Slay +2)
You have sharp claws.
You have razor-sharp teeth.
You have supernaturally acute eyesight. (SInv)
You cover ground quickly. (Speed+)
You are covered in fur. (AC +1)
Your paws help you pounce on unaware monsters.
You are incapable of wielding weapons or throwing items.
You cannot wear armour.
You gain extra lives every three experience levels.


   Skills:
 - Level 1.0 Fighting
 - Level 2.6 Dodging
 + Level 3.3 Stealth
 + Level 3.8 Unarmed Combat
 * Level 4.9 Shapeshifting


You had 3 spell levels left.
You knew the following spells:

 Your Spells              Type           Power      Damage    Failure   Level
a - Apportation           Tloc           0%         N/A       32%         1

Your spell library contained the following spells:

 Spells                   Type           Power      Damage    Failure   Level
 Necrotise                Necr           0%         1d4       32%         1
 Tukima's Dance           Hex            0%         N/A       69%         3
 Vampiric Draining        Necr           0%         2d6       69%         3
 Iskenderun's Mystic Bla  Conj/Tloc      0%         2d3       97%         4
 Agony                    Necr           0%         N/A       100%        5
 Alistair's Intoxication  Tmut/Pois      0%         N/A       100%        5
 Summon Forest            Summ/Tloc      0%         N/A       100%        5
 Eringya's Noxious Bog    Tmut/Pois      0%         4d6       100%        6
 Summon Hydra             Summ           0%         N/A       100%        7
 Portal Projectile        Hex/Tloc       Unusable   N/A       N/A         3

Inventory:

Jewellery
 g - an amulet of the acrobat (around neck)
   (You found it on level 2 of the Dungeon)
Talismans
 b - a beast talisman (active)
 c - a flux talisman
Scrolls
 e - a scroll of teleportation {unknown}
 f - a scroll of identify {unknown}
 i - a scroll of torment {unknown}
Potions
 a - a potion of lignification
 d - a potion of curing {unknown}
 h - a potion of berserk rage {unknown}
 j - a potion of cancellation {unknown}
 k - 2 potions of attraction {unknown}

Dungeon Overview and Level Annotations

Branches:
Dungeon (2/15)

Altars:

#.............<#.#.# #.#
#............###.#.# #.#
#................#.# #.#
#............#####.# #.#
#...##........)....# #.#
#...##............########.#
......>....................#
....##..#.........##########
....##..#.......h.###
....##..#########o..#
...)))..........†...#
....##...#########..#
....##..###.... ..#
....##..##..~.. ..#
........#$..... .#
........#⌠..... .#
........#o.....


You could see an orc wizard.


Message History

Welcome, scionoferis the Felid Shapeshifter.
The sublime Orb of Zot lies far below, as if waiting for you to find it.
Press ? for a list of commands and other information.
Found a robe.
Found a staircase leading out of the dungeon.
A ball python comes into view.
You claw the ball python!
You kill the ball python!
No target in view!
You enter the shallow water.
Moving in this stuff is going to be slow.
A frilled lizard comes into view.
You claw the frilled lizard!
You kill the frilled lizard!
A frilled lizard comes into view.
The frilled lizard barely misses you.
You barely miss the frilled lizard.
The frilled lizard completely misses you.
You scratch the frilled lizard.
You kill the frilled lizard!
You see here a frilled lizard corpse.
Found an embroidered scarf.
You see here a scarf of harm.
Found a rapier.
A rat comes into view.
The rat bites you.
You scratch the rat but do no damage. Your claw misses the rat.
Your bite misses the rat.
A jackal comes into view.
The rat completely misses you.
You claw the rat!
You kill the rat!
The jackal completely misses you.
You barely miss the jackal. The jackal misses you.
You claw the jackal!
You kill the jackal!
No target in view! 2 jackals come into view.
The jackal barks! x2; You hear a bark!
The jackal misses you.
You scratch the jackal. You bite the jackal.
The jackal is severely wounded.
The jackal completely misses you.
A jackal comes into view.
You completely miss the jackal.
The jackal is severely wounded.
The jackal barely misses you.
You scratch the jackal.
You kill the jackal!
You closely miss the jackal.
The jackal is severely wounded.
The jackal bites you.
You barely miss the jackal. You claw the jackal.
You kill the jackal!
You closely miss the jackal. The jackal misses you.
You scratch the jackal.
The jackal is almost dead.
The jackal completely misses you. The jackal closely misses you.
You scratch the jackal.
You kill the jackal!
You have reached level 2!
HP restored.
You see here a jackal corpse.
Found a stone staircase leading down.
A quokka comes into view.
You claw the quokka!
You kill the quokka!
Your Stealth skill increases to level 1!
A kobold comes into view. It is wielding a +0 whip.
The kobold shouts!
The kobold barely misses you.
You closely miss the kobold. The kobold completely misses you.
You closely miss the kobold. The kobold hits you with a +0 whip.
You barely miss the kobold. The kobold misses you.
You claw the kobold!
You kill the kobold!
No target in view!
You see here a +0 whip.
There is a staircase leading out of the dungeon here.
A kobold comes into view. It is wielding a +0 whip.
The helpless kobold fails to defend itself.
You claw the kobold!
You kill the kobold!
No target in view!
You see here a +0 whip.
You open the door.
A bat and a hobgoblin come into view.
Found a stone staircase leading down.
The bat barely misses you.
You claw the bat!
You kill the bat!
There is an open door, spattered with blood here.
The hobgoblin shouts!
The hobgoblin misses you.
You scratch the hobgoblin but do no damage.
The hobgoblin closely misses you.
You closely miss the hobgoblin. You claw the hobgoblin.
The hobgoblin is lightly wounded.
The hobgoblin misses you.
You scratch the hobgoblin. You claw the hobgoblin.
You kill the hobgoblin!
No target in view!
You open the door.
Found a stone staircase leading down.
There is an open door here.
A hobgoblin comes into view.
There is a stone staircase leading down here.
The hobgoblin shouts!
You closely miss the hobgoblin. Your claw misses the hobgoblin.
The hobgoblin hits you.
You scratch the hobgoblin.
The hobgoblin is almost dead.
The hobgoblin barely misses you.
You closely miss the hobgoblin.
The hobgoblin is almost dead.
You scratch the hobgoblin.
You kill the hobgoblin!
No target in view!
You see here a hobgoblin corpse.
Found a short sword.
A giant cockroach comes into view.
You see here a +0 short sword.
You scratch the giant cockroach. Your claw misses the giant cockroach.
The giant cockroach is moderately wounded.
The giant cockroach completely misses you.
You scratch the giant cockroach.
The giant cockroach is heavily wounded.
The giant cockroach misses you.
You scratch the giant cockroach.
The giant cockroach is severely wounded.
The giant cockroach misses you. x2
You scratch the giant cockroach.
You kill the giant cockroach!
A quokka comes into view.
A quokka is nearby!
You claw the quokka!
You kill the quokka!
No target in view!
d - a sapphire potion
Found a ring mail.
A goblin comes into view. It is wielding a +0 dagger.
You scratch the goblin.
The goblin is heavily wounded.
The goblin hits you with a +0 dagger.
You claw the goblin!
You kill the goblin!
No target in view!
You see here a +0 dagger.
A bat comes into view.
You pounce on the unaware helpless bat!
You claw the bat!
You kill the bat!
Found 7 stones.
A hobgoblin comes into view.
Found a book of Weapons.
You pounce on the unaware helpless hobgoblin!
You claw the hobgoblin!
You kill the hobgoblin!
No target in view!
You pick up a book of Weapons and begin reading...
You add the spells Tukima's Dance and Iskenderun's Mystic Blast to your library.
e - a scroll labelled OGRATU HASE A ball python comes into view.
A hobgoblin comes into view.
Found 4 boomerangs.
The helpless ball python fails to defend itself.
You claw the ball python!
You kill the ball python!
The helpless hobgoblin fails to defend itself.
You claw the hobgoblin!
You kill the hobgoblin!
You see here 4 boomerangs.
A rat comes into view.
Found a scroll labelled ATIOLLY DOARA.
You scratch the rat.
You kill the rat!
f - a scroll labelled ATIOLLY DOARA
Found a sling.
You see here a +0 sling.
A rat and a kobold come into view.
The helpless kobold fails to defend itself.
You mangle the kobold!!
You kill the kobold!
You barely miss the rat. The rat bites you.
You scratch the rat.
The rat is heavily wounded.
The rat closely misses you.
You scratch the rat.
You kill the rat!
No target in view!
You see here a +0 robe.
You enter the shallow water.
Moving in this stuff is going to be slow.
You open the door.
A ball python comes into view.
A ball python is nearby!
The ball python hisses angrily.
There is an open door here.
You scratch the ball python.
The ball python is severely wounded.
The ball python completely misses you. The ball python grabs you.
The ball python constricts you.
You scratch the ball python.
You kill the ball python!
No target in view!
You see here a ball python corpse.
As you open the door, it creaks loudly!
There is an open door here.
You open the door.
There is an open door here.
You open the door.
There is an open door here.
You see here a +0 rapier.
There is an open door here.
You open the door.
There is an open door here.
A kobold comes into view. It is wielding a +0 short sword.
The kobold shouts!
The kobold throws a stone.
The stone completely misses you.
A bat comes into view.
You barely miss the kobold. The kobold closely misses you.
You barely miss the kobold. The kobold closely misses you.
You closely miss the kobold.
The kobold hits you with a +0 short sword.
You claw the kobold!
You kill the kobold!
No target in view!
A bat is nearby!
Things that are here:
a +0 short sword; 2 stones
Found a pair of gloves.
The bat closely misses you. x2
You scratch the bat.
The bat is severely wounded.
The bat completely misses you. The bat misses you. x2
You scratch the bat.
You kill the bat!
You have reached level 3!
Your experience leads to an increase in your attributes!
Increase (S)trength, (I)ntelligence, or (D)exterity?
You feel agile. x2
You open the door.
A bat comes into view.
There is an open door here.
The bat closely misses you.
You scratch the bat.
The bat is moderately wounded.
The bat hits you but does no damage.
You claw the bat!
You kill the bat!
No target in view!
You open the door.
A quokka comes into view.
Found a robe and 7 gold pieces.
The quokka twitches its whiskers.
There is an open door here.
You scratch the quokka.
The quokka is severely wounded.
The quokka bites you but does no damage.
You claw the quokka!
You kill the quokka!
Your Shapeshifting skill increases to level 4!
No target in view!
You now have 7 gold pieces.
A frilled lizard comes into view.
The frilled lizard hisses angrily.
You scratch the frilled lizard.
You kill the frilled lizard!
No target in view!
You see here a frilled lizard corpse.
A rat comes into view.
You claw the rat!
You kill the rat!
No target in view!
A hobgoblin comes into view.
A hobgoblin comes into view.
The helpless hobgoblin fails to defend itself.
You mangle the hobgoblin!!
You kill the hobgoblin!
The helpless hobgoblin fails to defend itself.
You claw the hobgoblin!
You kill the hobgoblin!
You see here a hobgoblin corpse.
As you open the door, it creaks loudly!
There is an open door here.
There is an open door here.
You open the door.
There is an open door here.
There is a stone staircase leading down here.
There is an open door, spattered with blood here.
Partly explored, can't reach some places.
Partly explored, can't reach some places.
Partly explored, can't reach some places.
There is a stone staircase leading down here.
You climb downwards.
Found 8 gold pieces and a spear.
There is a stone staircase leading up here.
Found a book of Necromancy.
A dart slug comes into view.
The helpless endoplasm fails to defend itself.
You claw the endoplasm!
You kill the endoplasm!
You claw the rat!
You kill the rat!
Found a twisted soapstone amulet.
You scratch the dart slug.
The dart slug is heavily wounded.
You scratch the dart slug. You bite the dart slug.
The dart slug is almost dead.
The dart slug launches a dart at you. The slug dart misses you.
You scratch the dart slug.
You kill the dart slug!
Your Stealth skill increases to level 2!
A bat comes into view.
You see here a dart slug corpse.
A hobgoblin comes into view.
Found a hat.
You see here 8 gold pieces.
The helpless endoplasm fails to defend itself.
You claw the endoplasm!
You kill the endoplasm!
You see here a +0 hat.
You pounce on the unaware helpless hobgoblin!
You mangle the hobgoblin!!
You kill the hobgoblin!
You now have 15 gold pieces (gained 8).
The bat misses you.
You see here a dart slug corpse.
You claw the bat!
You kill the bat!
You see here a bat corpse.
Found an escape hatch in the ceiling.
g - an amulet of the acrobat
There are no items here.
You start putting on your amulet.
You continue putting on your amulet of the acrobat. x5
You finish putting on your amulet of the acrobat.
You feel ready to tumble and roll out of harm's way.
g - an amulet of the acrobat (around neck)
You see here a bat corpse.
Found a stone staircase leading up.
Found a thick jewelled staff.
A hobgoblin comes into view.
You see here a book of Necromancy.
You pick up a book of Necromancy and begin reading...
You add the spells Necrotise, Vampiric Draining and Agony to your library.
A bat comes into view.
The bat hits you.
You barely miss the bat. You bite the bat.
The bat is severely wounded.
The bat completely misses you.
You barely miss the bat.
The bat is severely wounded.
The bat closely misses you.
You scratch the bat.
You kill the bat!
An endoplasm comes into view.
The helpless hobgoblin fails to defend itself.
You claw the hobgoblin!
You kill the hobgoblin!
You pounce on the unaware helpless endoplasm!
You claw the endoplasm!
You kill the endoplasm!
You open the door.
A frilled lizard comes into view.
The frilled lizard hisses angrily.
Found 29 gold pieces and a cabochon ring.
You claw the frilled lizard!
You kill the frilled lizard!
No target in view!
There is an open door here.
You see here a frilled lizard corpse.
You now have 26 gold pieces (gained 11).
You see here a ring of see invisible.
You now have 44 gold pieces (gained 18).
You see here a ring of see invisible.
h - a fizzy amethyst potion
Okay, then.
i - a scroll labelled UFUZUQ YHISSA
Found a stone staircase leading down.
You pick up a book of Party Tricks and begin reading...
You add the spells Apportation and Alistair's Intoxication to your library.
j - a glowing clear potion You pick up a Fen Folio and begin reading...
You add the spells Summon Forest, Eringya's Noxious Bog and Summon Hydra to your library.
You now have 59 gold pieces (gained 15).
You open the door.
An orc wizard comes into view. It is wielding a +3 dagger.
The orc wizard shouts!
You hear a shout!
An orc comes into view.
It is wielding a +2 falchion of protection.
An orc comes into view. It is wielding a +0 short sword.
There are monsters nearby!
An orc priest comes into view. It is wielding a +0 short sword.
The orc priest moves out of view.
Found 2 gold pieces and 2 blue potions.
Found a stone staircase leading down.
k - 2 blue potions A rat comes into view.
A frilled lizard comes into view.
The helpless rat fails to defend itself.
You claw the rat!
You kill the rat!
The frilled lizard hisses angrily.
You barely miss the frilled lizard. The frilled lizard misses you.
You scratch the frilled lizard.
You kill the frilled lizard!
A kobold comes into view. It is wielding a +0 dagger.
The kobold shouts!
The kobold throws a stone.
The stone completely misses you.
You closely miss the kobold. You scratch the kobold.
The kobold is severely wounded.
The kobold hits you with a +0 dagger.
You completely miss the kobold.
The kobold is severely wounded.
The kobold closely misses you.
You barely miss the kobold.
The kobold is severely wounded.
The kobold misses you.
You closely miss the kobold.
The kobold is severely wounded.
The kobold hits you with a +0 dagger.
You claw the kobold!
You kill the kobold!
Things that are here:
a +0 dagger; 3 stones HP restored.
A hobgoblin and an orc come into view.
You closely miss the hobgoblin. You bite the hobgoblin.
The hobgoblin is heavily wounded.
The hobgoblin hits you.
You scratch the hobgoblin.
The hobgoblin is severely wounded.
The hobgoblin hits you.
You claw the hobgoblin!
You kill the hobgoblin!
You see here a hobgoblin corpse.
You start resting.
HP restored.
You scratch the orc.
The orc is lightly wounded.
The orc misses you.
You scratch the orc but do no damage.
The orc is lightly wounded.
The orc completely misses you.
You scratch the orc.
The orc is moderately wounded.
The orc misses you.
You scratch the orc but do no damage.
The orc is moderately wounded.
The orc barely misses you.
You scratch the orc but do no damage. Your bite misses the orc.
The orc is lightly wounded.
The orc closely misses you.
You scratch the orc.
You kill the orc!
An orc wizard comes into view. It is wielding a +0 dagger.
Things that are here:
a +0 hand axe; a +0 chain mail; an orc corpse You see here a hobgoblin corpse.
A gnoll comes into view.
It is wielding a +0 whip. 2 gnolls come into view.
The gnoll shouts! x3
The gnoll completely misses you. The gnoll attacks as it pursues you!
The gnoll barely misses you.
Things that are here:
a +0 dagger; 3 stones
Found an escape hatch in the floor.
A bat comes into view.
A jackal comes into view.
The jackal barks!
You hear a shout!
The jackal moves out of view.
A jackal comes into view.
The jackal barks!
You scratch the bat.
You kill the bat!
A jackal comes into view.
The jackal barks!
You closely miss the jackal. You closely miss the jackal.
You scratch the jackal but do no damage.
The jackal barely misses you.
You claw the jackal!
You kill the jackal!
The jackal barely misses you.
You claw the jackal!
You kill the jackal!
The jackal barely misses you.
You scratch the jackal.
The jackal is heavily wounded.
The jackal closely misses you.
You claw the jackal!
You kill the jackal!
Things that are here:
a jackal corpse; a jackal corpse You don't know any spells.
You don't know any spells.
Okay, then.
You see here a bat corpse.
There is a stone staircase leading up here.
You climb upwards.
There is a stone staircase leading down here.
You start memorising the spell.
You continue memorising.
You finish memorising.
Spell assigned to 'a'.
Okay, then.
Unknown command.
You climb downwards.
There is a stone staircase leading up here.
Found a pair of boots.
Found a stone staircase leading down.
An orc comes into view. It is wielding a +0 mace.
The orc shouts!
You scratch the orc but do no damage. The orc closely misses you.
You scratch the orc.
The orc is heavily wounded.
The orc barely misses you.
You scratch the orc. You bite the orc.
You kill the orc!
Things that are here:
a +0 mace; a +0 ring mail; an orc corpse A dart slug comes into view.
The dart slug launches a dart at you. The slug dart misses you.
The dart slug completely misses you.
You scratch the dart slug.
The dart slug is severely wounded.
You claw the dart slug!
You kill the dart slug!
The orc wizard points at you and mumbles some strange words.
You resist with some effort.
You see here a dart slug corpse.
You claw the orc wizard!
The orc wizard is heavily wounded.
The orc wizard hits you with a +0 dagger.
You scratch the orc wizard. Your bite misses the orc wizard.
The orc wizard is almost dead.
You scratch the orc wizard.
You kill the orc wizard!
You have reached level 4!
Extra life!
Things that are here:
a +0 dagger; a +0 robe; an orc corpse A kobold comes into view.
It is wielding a +0 dagger.
The kobold shouts!
You claw the kobold!
You kill the kobold!
You see here a +0 dagger.
You open the door.
There is an open door here.
An endoplasm comes into view.
The endoplasm quivers.
You claw the endoplasm!
You kill the endoplasm!
An orc comes into view. It is wielding a +0 club.
The orc shouts!
You hear a shout!
The gnoll shouts!
You scratch the orc.
The orc is heavily wounded.
You hear a shout!
A goblin comes into view. It is wielding a +0 dagger.
The orc barely misses you.
The goblin shouts!
You scratch the orc but do no damage.
The orc is heavily wounded.
The orc completely misses you.
You scratch the orc.
The orc is almost dead.
The orc barely misses you.
You barely miss the orc.
The orc is almost dead.
The orc hits you with a +0 club.
You claw the orc!
You kill the orc!
The gnoll barely misses you.
The gnoll shouts!
The gnoll completely misses you.
Things that are here:
a +0 club; a +0 leather armour; an orc corpse You barely miss the gnoll.
The gnoll shouts!
You bite the gnoll.
The gnoll is lightly wounded.
You scratch the gnoll but do no damage.
The gnoll is lightly wounded.
The gnoll completely misses you.
You scratch the gnoll.
The gnoll is heavily wounded.
The gnoll closely misses you. The goblin misses you.
You claw the gnoll!
You kill the gnoll!
You claw the goblin!
You kill the goblin!
Things that are here:
a +0 dagger; a goblin corpse You scratch the gnoll.
The gnoll is moderately wounded.
The gnoll misses you.
You claw the gnoll!
The gnoll is severely wounded.
The gnoll misses you.
You scratch the gnoll.
You kill the gnoll!
You scratch the orc. You claw the orc. Your bite misses the orc.
The orc is severely wounded.
The orc hits you but does no damage.
You scratch the orc.
The orc is almost dead.
The orc barely misses you.
You claw the orc!
You kill the orc!
You scratch the gnoll. Your bite misses the gnoll.
The gnoll is lightly wounded.
The gnoll completely misses you.
You scratch the gnoll.
The gnoll is heavily wounded.
The gnoll completely misses you.
You closely miss the gnoll.
The gnoll is heavily wounded.
The gnoll barely misses you.
You scratch the gnoll but do no damage. You claw the gnoll!
The gnoll is almost dead.
The gnoll barely misses you.
You scratch the gnoll.
You kill the gnoll!
Your Stealth skill increases to level 3!
Items here: ))) [ ††.
You now have 75 gold pieces (gained 16).
Things that are here:
a +0 halberd; a +0 ring mail
Things that are here:
a +0 club; a +0 leather armour; an orc corpse
Things that are here:
a +0 dagger; a goblin corpse An orc priest is nearby!
The orc priest miscasts a cantrip.
The orc priest completely misses you.
You closely miss the orc priest.
The orc priest calls down the wrath of Beogh upon you.
Pain shoots through your body!
Ouch! That really hurt!
* * * LOW HITPOINT WARNING * * *
You scratch the orc priest.
The orc priest is heavily wounded.
The orc priest misses you.
You scratch the orc priest.
The orc priest is severely wounded.
The orc priest hits you with a +0 short sword.
* * * LOW HITPOINT WARNING * * *
You barely miss the orc priest.
The orc priest is severely wounded.
The orc shouts!
You scratch the orc priest.
The orc priest is almost dead.
You hear a shout!
The orc priest hits you with a +0 short sword.
You die...
Your shape twists and changes as you die.
You rejoin the land of the living...
Things that are here:
a jackal skeleton; a jackal skeleton An orc priest is nearby!
The orc priest looks braver for a moment.
The orc shouts!
The orc priest mumbles some strange prayers to Beogh against you.
Beogh smites you!
The orc priest invokes the aid of Beogh against you.
Pain shoots through your body!
Ouch! That really hurt!
* * * LOW HITPOINT WARNING * * *
You barely miss the orc priest. Your bite misses the orc priest.
The orc priest is almost dead.
You closely miss the orc priest. You claw the orc priest.
You kill the orc priest!
You have reached level 5!
You feel clever.
You scratch the orc.
The orc is heavily wounded.
The orc hits you with a +2 falchion of protection.
You die...
Your shape twists and changes as you die.
You rejoin the land of the living...
An orc is nearby!
You barely miss the orc.
The orc is moderately wounded.
The orc closely misses you.
You closely miss the orc.
The orc is lightly wounded.
The orc barely misses you.
You scratch the orc but do no damage.
The orc is lightly wounded.
The orc barely misses you.
You scratch the orc.
The orc is moderately wounded.
The orc barely misses you.
You scratch the orc but do no damage.
The orc is moderately wounded.
The orc misses you.
You scratch the orc.
The orc is heavily wounded.
The orc hits you with a +2 falchion of protection.
You closely miss the orc.
The orc is heavily wounded.
The orc closely misses you.
You claw the orc!
You kill the orc!
You see here a +2 falchion of protection.
HP restored.
Things that are here:
a +0 halberd; a +0 ring mail
Things that are here:
a +0 club; a +0 leather armour; an orc corpse
Things that are here:
a +0 dagger; a goblin corpse An orc wizard is nearby!
Found a +0 short sword.
Found a stone staircase leading up.
The orc wizard shouts!
The orc wizard casts a spell at you.
You easily resist.
You closely miss the orc wizard. You bite the orc wizard.
The orc wizard is moderately wounded.
The orc wizard hits you with a +3 dagger.
You completely miss the orc wizard.
The orc wizard is lightly wounded.
The orc wizard barely misses you.
You barely miss the orc wizard. Your bite misses the orc wizard.
The orc wizard is lightly wounded.
You closely miss the orc wizard.
The orc wizard is lightly wounded.
The orc wizard hits you with a +3 dagger.
You closely miss the orc wizard.
The orc wizard is lightly wounded.
The orc wizard hits you with a +3 dagger.
You barely miss the orc wizard. You claw the orc wizard.
The orc wizard is heavily wounded.
The orc wizard gestures at you while chanting.
The puff of flame hits you!
You die...

Skill      XL: |  1  2  3  4 |
---------------+-------------+-----
Stealth        | 1 2 3 |  3.3
Shapeshifting  | 4 |  4.9
Fighting       | |  1.0
Dodging        | |  2.6
Unarmed Combat | |  3.8

Action                     |  1- 3 |  4- 6 || total
---------------------------+-------+-------++-------
  Melee: Unarmed           |   110 |    45 ||   155
         Punch             |     3 |     4 ||     7
         Bite              |     5 |     2 ||     7
   Stab: Sleeping          |    14 |       ||    14
 Armour: Skin              |    15 |    10 ||    25
  Dodge: Dodged            |    57 |    24 ||    81

Levels and vault maps discovered:
D:1:      spicycebolla_arrival_xxxplode, layout_loops_corners, minmay_ruptured
D:2:      cheibrodos_pilgrimage, layout_basic, minmay_tromino_v4_a

Notes
Turn   | Place    | Note
-------+----------+-------------------------------------------
     0 | D:1      | scionoferis the Felid Shapeshifter began the quest for the
                  | Orb.
     0 | D:1      | Reached XP level 1. HP: 9/9 MP: 2/2
    82 | D:1      | Reached XP level 2. HP: 11/12 MP: 3/3
   111 | D:1      | Reached skill level 1 in Stealth
   622 | D:1      | Reached XP level 3. HP: 15/15 MP: 4/4
   655 | D:1      | Reached skill level 4 in Shapeshifting
   887 | D:2      | Reached skill level 2 in Stealth
  1306 | D:1      | Learned a level 1 spell: Apportation
  1403 | D:2      | Reached XP level 4. HP: 18/19 MP: 5/5
  1549 | D:2      | Reached skill level 3 in Stealth
  1576 | D:2      | HP: 1/19 [orc priest/+0 short sword (5)]
  1578 | D:2      | Slain by an orc priest
  1602 | D:2      | HP: 1/19 [orc priest/nerve-wracking pain (11)]
  1605 | D:2      | Reached XP level 5. HP: 2/22 MP: 6/6
  1605 | D:2      | Slain by an orc
  1757 | D:2      | Killed from afar by an orc wizard

Vanquished Creatures
  An orc priest (D:2)
  An orc wizard (D:2)
  3 gnolls (D:2)
  2 dart slugs (D:2)
  5 orcs (D:2)
  4 endoplasms (D:2)
  A giant cockroach (D:1)
  2 goblins (D:1 D:2)
  9 hobgoblins (D:1 D:2)
  7 jackals (D:1 D:2)
  3 quokkas (D:1)
  3 ball pythons (D:1)
  7 bats (D:1 D:2)
  5 frilled lizards (D:1 D:2)
  6 kobolds (D:1 D:2)
  6 rats (D:1 D:2)
65 creatures vanquished.

Table legend: (Time is in decaauts)
 A = Elapsed time spent in this place.
 B = Non-inter-level travel time spent in this place.
 C = Inter-level travel time spent in this place.
 D = Time resting spent in this place.
 E = Time spent auto-exploring this place.
 F = Levels seen in this place.
 G = Mean time per level.
                   A        B        C        D        E       F      G
               +--------+--------+--------+--------+--------+-----+--------+
         Total |   1464 |   1456 |      8 |     31 |    914 |   2 |  732.0 |
       Dungeon |   1464 |   1456 |      8 |     31 |    914 |   2 |  732.0 |
               +--------+--------+--------+--------+--------+-----+--------+

Top non-repeatable levels by time:
     D:2: 739 daAuts
     D:1: 725 daAuts

Table legend:
 A = Non-vault XP
 B = Vault XP
 C = Vault XP percentage of total XP
 D = Non-vault monster count
 E = Vault monster count
 F = Vault count percentage of total count
                 A         B        C        D         E       F
            +---------+---------+-------+---------+---------+-------
      Total |     163 |      62 |  27.6 |      55 |      10 |  15.4
            +---------+---------+-------+---------+---------+-------
        D:1 |      48 |       3 |   5.9 |      31 |       2 |   6.1
        D:2 |     115 |      59 |  33.9 |      24 |       8 |  25.0
            +---------+---------+-------+---------+---------+-------
